 Dungeon Crawl Stone Soup version 0.20.0-15-g7f486f2 (webtiles) character file.

92 Inarius the Digger (level 4, -2/25 HPs)
             Began as a Gargoyle Earth Elementalist on June 22, 2017.
             Slain by Terence
             ... wielding a +0 morningstar
              (8 damage)
             ... on level 3 of the Dungeon.
             The game lasted 00:06:42 (2153 turns).

Inarius the Digger (Gargoyle Earth Elementalist)    Turns: 2153, Time: 00:06:42

Health: -2/25      AC:  6    Str: 12    XL:     4   Next: 60%
Magic:  8/8        EV: 11    Int: 16    God:
Gold:   172        SH:  0    Dex: 10    Spells: 0/8 levels left

rFire    . . .     SeeInvis .   l - +0 dagger
rCold    . . .     Gourm    .   (no shield)
rNeg     + . .     Faith    .   q - +0 leather armour
rPois    ∞         Spirit   .   (no helmet)
rElec    +         Reflect  .   (no cloak)
rCorr    .         Harm     .   (no gloves)
MR       .....                  (no boots)
Stlth    ++........             (no amulet)
Regen    0.1/turn               u - ring of wizardry
MPRegen  0.2/turn               (no ring)

@: no status effects
A: negative energy resistance 1, electricity resistance, unbreathing,
petrification resistance, rot immunity, AC +3
a: no special abilities


You were on level 3 of the Dungeon.
You were hungry.

You visited 1 branch of the dungeon, and saw 3 of its levels.

You collected 172 gold pieces.

Inventory:

Hand Weapons
 l - a +0 dagger (weapon)
Missiles
 b - 60 stones (quivered)
Armour
 m - a +0 ring mail
 q - a +0 leather armour (worn)
Jewellery
 u - a ring of wizardry (left hand)
Scrolls
 c - a scroll of random uselessness {unknown}
 f - 2 scrolls of magic mapping {unknown}
 j - a scroll of enchant armour {unknown}
 n - a scroll of fear {unknown}
 p - a scroll of teleportation {unknown}
 s - a scroll of remove curse {unknown}
 t - 3 scrolls of identify {unknown}
 y - a scroll of recharging {unknown}
 z - a scroll of amnesia {unknown}
Potions
 a - a potion of flight {unknown}
 h - 2 potions of brilliance {unknown}
 i - a potion of invisibility {unknown}
 k - a potion of resistance {unknown}
 o - a potion of curing {unknown}
 v - 2 potions of lignification {unknown}
Books
 e - a book of Geomancy

   Spells                             Type                      Level
   a - Sandblast                      Earth                        1
   b - Passwall                       Transmutation/Earth          2
   c - Stone Arrow                    Conjuration/Earth            3
   d - Petrify                        Transmutation/Earth          4
   e - Lee's Rapid Deconstruction     Earth                        5
Comestibles
 d - 4 bread rations
 g - a meat ration
 r - a fruit
 w - 3 chunks of flesh
 x - a royal jelly


   Skills:
 * Level 1.5 Fighting
 - Level 0.1 Short Blades
 * Level 1.3 Armour
 + Level 1.9 Dodging
 - Level 2.2 Stealth
 + Level 2.6 Spellcasting
 * Level 0.7 Conjurations
 + Level 0.7 Transmutations
 + Level 4.4 Earth Magic


You couldn't memorise any spells.
You knew the following spells:

 Your Spells              Type           Power        Failure   Level  Hunger
a - Sandblast             Erth           ###...       1%          1    #......
b - Stone Arrow           Conj/Erth      ##....       11%         3    ###....
c - Petrify               Tmut/Erth      ##......     32%         4    #####..


Dungeon Overview and Level Annotations

Branches:
Dungeon (3/15)

Altars:
Cheibriados
Makhleb
Ru

Annotations:
D:3 Terence


Innate Abilities, Weirdness & Mutations

You are resistant to torment.
Your stone body is resilient. (AC +3)
You are immune to poison.
You resist negative energy. (rN+)
You are resistant to electric shocks. (rElec)
You can survive without breathing.
You are immune to petrification.
You are immune to rotting.


Message History

Terence hits you with a morningstar.
Casting: Sandblast
Confirm with . or Enter, or press ? or * to list all spells.
Aiming: Sandblast
Press: ? - help, Shift-Dir - straight line, f/p - Terence
Aim: Terence, wielding a morningstar and wearing a scale mail (lightly wounded)
The blast of sand hits Terence.
Terence is lightly wounded.
b - 60 stones Terence hits you with a morningstar!
* * * LOW HITPOINT WARNING * * *
You see here 2 inedible chunks of flesh.
You are feeling hungry.
Casting: Sandblast
Confirm with . or Enter, or press ? or * to list all spells.
Okay, then.
Unknown command.
Terence shouts, "Now you die!" Terence hits you with a morningstar!
You die...

..# #......#########......^
#.# #......#..........##.§#
#.# #.........<........#.#
#.###........)...........#
#.......................# ^
.#......................# .
........................# .#
.............).@........####.#
.#.#..####......@............#
##.##.# ##................###
##.##.(. ###.###...<.......#
##.#####. #.# #...........#
#..# # . #.# #...........#
......##. #.# #..........##
.## #.....###.# #.....#...##
.####..#......# #..#####.##
##......###..###..# #.#


You could see Terence.

Vanquished Creatures
  2 adders
  3 oozes
  A worm (D:2)
  2 dart slugs (D:1)
  A leopard gecko (D:2)
  3 giant cockroaches
  5 hobgoblins
  4 jackals (D:1)
  A quokka (D:2)
  4 bats
  4 frilled lizards
  7 goblins
  10 kobolds
  6 rats
53 creatures vanquished.

Notes
Turn   | Place    | Note
-------+----------+-------------------------------------------
     0 | D:1      | Inarius the Gargoyle Earth Elementalist began the quest for the Orb.
     0 | D:1      | Reached XP level 1. HP: 10/10 MP: 3/3
   289 | D:1      | Reached XP level 2. HP: 10/15 MP: 3/5
   639 | D:1      | Reached skill level 4 in Earth Magic
   859 | D:1      | Reached XP level 3. HP: 19/20 MP: 3/6
  1355 | D:2      | Learned a level 3 spell: Stone Arrow
  1416 | D:2      | Reached skill level 1 in Fighting
  1670 | D:2      | Found a burning altar of Makhleb.
  1676 | D:2      | Reached XP level 4. HP: 25/25 MP: 4/7
  1677 | D:2      | Found a snail-covered altar of Cheibriados.
  1679 | D:2      | Found a sacrificial altar of Ru.
  1909 | D:2      | Learned a level 4 spell: Petrify
  2041 | D:3      | Reached skill level 1 in Armour
  2077 | D:3      | Found a faded altar of an unknown god.
  2104 | D:3      | Noticed Terence
  2153 | D:3      | Slain by Terence

Skill      XL: |  1  2  3  4 |
---------------+-------------+-----
Earth Magic    | 4 |  4.4
Fighting       | 1 |  1.5
Armour         | 1 |  1.3
Short Blades   | |  0.1
Dodging        | |  1.9
Stealth        | |  2.2
Spellcasting   | |  2.6
Conjurations   | |  0.7
Transmutations | |  0.7

Action                   |  1- 3 |  4- 6 || total
-------------------------+-------+-------++-------
Melee: Unarmed           |    33 |       ||    33
       Dagger            |    93 |    28 ||   121
 Cast: Sandblast         |    28 |    11 ||    39
 Stab: Sleeping          |     1 |       ||     1
  Eat: Chunk             |     3 |     1 ||     4
Armor: Robe              |    25 |       ||    25
       Leather armour    |    21 |    12 ||    33
Dodge: Dodged            |   105 |    14 ||   119
